AoeStats
← LaisTakara

Arena

510734976Analyzed
1v1 RM · 1d ago on Oct 2, 2026· 40m 48s· 2 players
Game mode
Random Map
Map size
Tiny (2 player)
Population
200
Speed
Normal
Resources
Standard
Victory
Conquest
Starting age
Dark Age
Ending age
Imperial Age
RankedLock teamsTeams togetherTeam positionsShared explorationLock speedFull tech treeHidden civsTurbo modeCheats
Victory
Defeat
🇦🇷 Khmer · Argentina
434
+19
🇵🇹 Portuguese · Portugal
493
-19
R.Zoro87
12:49 Feudal Age
11:23 Loom
13:22 Double-Bit Axe
17:26 Castle Age
21:15 Bow Saw
21:19 Scale Barding Armor
28:48 Fortified Wall
29:24 Guard Tower
35:37 Chain Barding Armor
36:17 Tusk Swords
38:02 Pikeman
39:39 Ballistics
LaisTakara
10:01 Loom
13:55 Feudal Age
23:51 Castle Age
22:37 Double-Bit Axe
22:46 Horse Collar
25:51 Wheelbarrow
25:03 Town Watch
28:21 Murder Holes
31:49 Crossbowman
35:06 Fletching
35:17 Padded Archer Armor
35:33 Masonry
35:34 Fortified Wall
37:59 Bodkin Arrow
38:54 Ballistics
Connection lost

Rejoining the realm…

Still unreachable

The connection could not be restored.

Session expired

The server has moved on; the page needs a fresh start.